 Dungeon Crawl Stone Soup version 0.31-a0-986-g5e6e4ef867 (webtiles) character file.

Game seed: 11432345165929681365

3082 Fodor the Basher (level 9, -1/79 HPs)
             Began as a Minotaur Fighter on Nov 7, 2023.
             Was an Initiate of Gozag.
             Slain by Maggie
             ... wielding a +1 halberd of flaming
              (8 damage)
             ... on level 7 of the Dungeon.
             The game lasted 00:35:44 (6950 turns).

Fodor the Basher (Minotaur Fighter)                 Turns: 6950, Time: 00:35:45

Health: -1/79      AC: 12    Str: 25    XL:     9   Next: 58%
Magic:  8/8        EV: 10    Int:  5    God:    Gozag
Gold:   271        SH:  5    Dex: 10    Spells: 8/8 levels left

rFire   . . .        q - +2 flail (holy)
rCold   . . .        c - +0 buckler
rNeg    . . .        O - +0 chain mail
rPois   .            (helmet restricted)
rElec   .            A - +0 cloak
rCorr   .            (no gloves)
SInv    +            (no boots)
Will    .....        (no amulet) Stlth
                     n - ring of see invisible
HPRegen 0.33/turn    N - ring of flight
MPRegen 0.11/turn

%: no passive effects
@: flying, mesmerised
A: horns 2, retaliatory headbutt
a: Renounce Religion, Potion Petition, Call Merchant, Bribe Branch


You were on level 7 of the Dungeon.
You worshipped Gozag.
Gozag was aware of your devotion.
You visited 2 branches of the dungeon, and saw 8 of its levels.
You also visited: Sewer.

You collected 570 gold pieces.
You spent 148 gold pieces at shops.
You paid 151 gold pieces to Gozag.

Inventory:

Hand Weapons
 a - a +0 war axe
 q - a +2 flail of holy wrath (weapon)
 B - a +4 mace
 G - a +3 sling
Missiles
 h - 11 poisoned darts
 l - 7 boomerangs (quivered)
 o - 4 curare-tipped darts
Armour
 c - a +0 buckler (worn)
 m - a scarf of repulsion
 p - a scarf of invisibility
 A - a +0 cloak (worn)
 O - a +0 chain mail (worn)
Jewellery
 n - a ring of see invisible (left hand)
 N - a ring of flight (right hand)
Talismans
 J - a maw talisman
Wands
 f - a wand of roots (8)
 r - a wand of mindburst (16)
 D - a wand of charming (6)
Scrolls
 e - 2 scrolls of fear {unknown}
 i - 3 scrolls of teleportation {unknown}
 j - 2 scrolls of enchant armour {unknown}
 k - a scroll of brand weapon {unknown}
 u - a scroll of summoning {unknown}
 v - a scroll of fog {unknown}
 w - a scroll of blinking {unknown}
 x - 2 scrolls of noise {unknown}
 y - 2 scrolls of immolation {unknown}
 z - 2 scrolls of amnesia {unknown}
 C - 4 scrolls of identify {unknown}
 F - 2 scrolls of poison {unknown}
 I - a scroll of vulnerability {unknown}
 K - a scroll of acquirement {unknown}
 L - a scroll of revelation {unknown}
 M - a scroll of silence {unknown}
Potions
 b - a potion of ambrosia {unknown}
 d - a potion of might
 g - a potion of attraction
 s - 4 potions of enlightenment
 t - a potion of mutation
 H - 2 potions of curing


   Skills:
 + Level 7.5 Fighting
 + Level 4.5(7.3) Axes
 + Level 9.0(9.4) Maces & Flails
 + Level 8.6 Armour
 + Level 4.3 Dodging
 + Level 0.4 Stealth
 + Level 6.7 Shields


You had 8 spell levels left.
You didn't know any spells.
Your spell library contained the following spells:

 Spells                   Type           Power      Damage    Failure   Level
 Freeze                   Ice            0%         1d3       95%         1
 Frozen Ramparts          Ice            0%         1d1       100%        3
 Hailstorm                Conj/Ice       0%         3d3       100%        3


Dungeon Overview and Level Annotations

Branches:
Dungeon (7/15)             Temple (1/1) D:6           Sewer (visited)

Altars:
Dithmenos
Elyvilon
Fedhas
Gozag
Hepliaklqana
Kikubaaqudgha
Makhleb
Nemelex Xobeh
Okawaru
Qazlal
Ru
Uskayaw
Vehumet
Wu Jian
Zin

Shops:
D:3 =   D:6 [

Annotations:
D:6 3 runed translucent doors, pigah's ghost, novice OpSh
D:7 Maggie


Innate Abilities, Weirdness & Mutations

You have a pair of horns on your head.
You reflexively headbutt those who attack you in melee.


Message History

The orc wizard closely misses you. The orc hits you but does no damage.
Maggie hits you from afar with a +1 halberd of flaming!
Maggie burns you. The orc wizard closely misses you.
The orc wizard hits you but does no damage.
You barely miss the orc wizard.
The orc wizard hits you with a +0 dagger.
The orc hits you with a +0 club.
Maggie gestures wildly while chanting.
Maggie attempts to bespell you!
You are mesmerised by Maggie!
The orc wizard closely misses you.
The orc wizard hits you with a +0 dagger.
You hit the orc wizard. You headbutt the orc wizard.
The orc wizard is heavily wounded.
The orc wizard hits you with a +0 dagger of speed.
The orc wizard hits you but does no damage.
The orc closely misses you.
Maggie hits you from afar with a +1 halberd of flaming!
* * * LOW HITPOINT WARNING * * *
Maggie burns you.
* * * LOW HITPOINT WARNING * * *
The orc wizard gestures at you while chanting.
You easily resist.
The orc wizard casts a spell at you.
You easily resist.
You closely miss the orc wizard. Your headbutt misses the orc wizard.
You feel less confused.
The orc wizard hits you but does no damage.
Maggie closely misses you. The orc hits you but does no damage.
The orc wizard hits you but does no damage.
You barely miss the orc wizard.
The orc wizard is heavily wounded.
The orc wizard hits you with a +0 dagger of speed.
* * * LOW HITPOINT WARNING * * *
The orc wizard hits you with a +0 dagger.
* * * LOW HITPOINT WARNING * * *
The orc hits you but does no damage.
Maggie hits you from afar with a +1 halberd of flaming!
You die...
Your body crumbles into a pile of gold.

#...........PP
#..<........PP
#...........PP
#..>........PP
#...<.......PPPPP
##.....$....PPPPP
##......o.......
##....#oo@.....
######@o#.....
#o.#......
#.......#......
######..#......
##........ ###
.$... ....


You could see Maggie (mesmerising), an orc priest, 3 orc wizards and an orc.

Vanquished Creatures
  Pikel (D:6)
  Jeremiah (D:6)
  Sigmund (D:4)
  2 ice beasts
  3 sky beasts
  2 black bears (D:6)
  4 ogres
  2 phantoms
  3 scorpions
  A gnoll bouda (D:6)
  5 hounds
  2 jellies (D:6)
  A sleepcap (D:5)
  Ijyb (D:4)
  4 iguanas
  Natasha (thrice) (D:4)
  An orc wizard (D:3)
  9 gnolls
  3 river rats (Sewer)
  16 adders
  3 worms
  2 dart slugs
  15 orcs
  7 endoplasms
  8 giant cockroaches
  8 goblins
  5 hobgoblins
  A jackal (Sewer)
  5 kobolds
  8 quokkas
  15 ball pythons
  17 bats
  9 frilled lizards
  9 rats
177 creatures vanquished.

Notes
Turn   | Place    | Note
-------+----------+-------------------------------------------
     0 | D:1      | Fodor the Minotaur Fighter began the quest for the Orb.
     0 | D:1      | Reached XP level 1. HP: 19/19 MP: 0/0
    42 | D:1      | Reached XP level 2. HP: 8/27 MP: 1/1
   807 | D:1      | Reached XP level 3. HP: 33/33 MP: 2/2
  1576 | D:2      | Reached skill level 1 in Dodging
  1821 | D:2      | Reached XP level 4. HP: 38/40 MP: 3/3
  2086 | D:3      | Found a glowing drain.
  2107 | Sewer    | Entered a sewer
  2125 | Sewer    | Reached XP level 5. HP: 44/46 MP: 4/4
  2333 | Sewer    | Reached skill level 1 in Maces & Flails
  2583 | Sewer    | Reached skill level 2 in Maces & Flails
  2845 | D:3      | Reached skill level 5 in Armour
  3173 | D:3      | Found a white marble altar of Elyvilon.
  3175 | D:3      | Found an ornate altar of the Wu Jian Council.
  3223 | D:3      | Found Diluigim's Jewellery Boutique.
  3282 | D:3      | Reached XP level 6. HP: 52/52 MP: 5/5
  3348 | D:3      | Found a faded altar of an unknown god.
  3352 | D:3      | Found a sparkling altar of Nemelex Xobeh.
  3377 | D:3      | Found a stormy altar of Qazlal.
  3418 | D:3      | Found a glowing silver altar of Zin.
  3421 | D:3      | Found a radiant altar of Vehumet.
  3966 | D:4      | Reached skill level 3 in Maces & Flails
  3969 | D:4      | Noticed Ijyb
  3969 | D:4      | Noticed Sigmund
  3978 | D:4      | Killed Ijyb
  3998 | D:4      | Killed Sigmund
  3999 | D:4      | Reached skill level 4 in Maces & Flails
  3999 | D:4      | Reached XP level 7. HP: 31/60 MP: 6/6
  4208 | D:4      | Noticed Natasha
  4216 | D:4      | Killed Natasha
  4324 | D:4      | Reached skill level 5 in Maces & Flails
  4324 | D:4      | Reached skill level 5 in Shields
  4342 | D:4      | Noticed Natasha
  4351 | D:4      | Killed Natasha
  4452 | D:4      | Reached skill level 5 in Fighting
  4483 | D:4      | Noticed Natasha
  4495 | D:4      | Killed Natasha
  4704 | D:5      | Entered Level 5 of the Dungeon
  5038 | D:5      | Reached XP level 8. HP: 51/68 MP: 7/7
  5187 | D:5      | Found an ancient bone altar of Kikubaaqudgha.
  5294 | D:5      | Reached skill level 6 in Maces & Flails
  5852 | D:6      | Found a runed translucent gate.
  6052 | D:6      | Found a staircase to the Ecumenical Temple.
  6061 | D:6      | Reached skill level 7 in Maces & Flails
  6075 | Temple   | Entered the Ecumenical Temple
  6084 | Temple   | Became a worshipper of Gozag Ym Sagoz the Greedy
  6123 | D:6      | Found a burning altar of Makhleb.
  6123 | D:6      | Found a sacrificial altar of Ru.
  6196 | D:6      | Noticed Jeremiah
  6228 | D:6      | Killed Jeremiah
  6229 | D:6      | Reached XP level 9. HP: 13/78 MP: 8/8
  6468 | D:6      | Noticed Pikel
  6476 | D:6      | Killed Pikel
  6477 | D:6      | Reached skill level 8 in Maces & Flails
  6572 | D:6      | Found Ymmof's Antique Armour Emporium.
  6585 | D:6      | Bought a chain mail for 148 gold pieces
  6605 | D:6      | Found a runed translucent gate.
  6605 | D:6      | Found a runed translucent gate.
  6606 | D:6      | Noticed pigah's ghost (novice OpSh)
  6609 | D:6      | Noticed a kobold demonologist
  6876 | D:6      | Reached skill level 9 in Maces & Flails
  6936 | D:7      | Noticed Maggie
  6950 | D:7      | Slain by Maggie

Illustrated notes

Levels and vault maps discovered:
D:1:      denvon_arrival_waterhouse, layout_loops_ring, reono_crystal_passage
D:2:      layout_basic
D:3:      layout_basic, nicolae_overflow_ecumenical_swirl,
          mainiacjoe_overflow_alcove_2, nicolae_overflow_hidden_temple,
          serial_shops, nicolae_square_shop,
          mainiacjoe_sewer_entry_somewhere_in_here_1
D:4:      minmay_diamond_boxcup, layout_rooms, minmay_fractal_squares_5,
          uniq_natasha, uniq_sigmund, uniq_ijyb
D:5:      layout_gridville, mainiacjoe_overflow_six_doors_small
D:6:      layout_cave_pods, nicolae_overflow_two_pavilions,
          minmay_temple_entry_tees, gammafunk_ghost_nasty_kobolds, serial_shops,
          shop, uniq_pikel, uniq_jeremiah
D:7:      layout_cave_pods, mainiacjoe_overflow_chevrons, roderic_batcave,
          uniq_maggie
Temple:   hellmonk_temple_flake

Skill      XL: |  1  2  3  4  5  6  7  8  9 |
---------------+----------------------------+-----
Armour         | 4 5 6 7 8 |  8.6
Shields        | 4 5 6 |  6.7
Fighting       | 4 5 6 7 |  7.5
Axes           | 3 4 |  4.5
Dodging        | 1 2 3 4 |  4.3
Maces & Flails | 2 4 5 7 9 |  9.0
Stealth        | |  0.4

Action                     |  1- 3 |  4- 6 |  7- 9 || total
---------------------------+-------+-------+-------++-------
  Melee: War axe           |    85 |    10 |       ||    95
         Headbutt          |    10 |    29 |    34 ||    73
         Flail             |       |   159 |   199 ||   358
  Throw: Boomerang         |       |     3 |     3 ||     6
    Use: Potion            |       |     2 |     4 ||     6
 Armour: Scale mail        |    58 |   186 |   127 ||   371
         Chain mail        |       |       |    58 ||    58
  Dodge: Dodged            |    55 |   143 |   135 ||   333
  Block: Buckler           |    28 |    81 |    59 ||   168

Table legend: (Time is in decaauts)
 A = Elapsed time spent in this place.
 B = Non-inter-level travel time spent in this place.
 C = Inter-level travel time spent in this place.
 D = Time resting spent in this place.
 E = Time spent auto-exploring this place.
 F = Levels seen in this place.
 G = Mean time per level.
                   A        B        C        D        E       F      G
               +--------+--------+--------+--------+--------+-----+--------+
         Total |   7214 |   7055 |    159 |   1081 |      0 |   9 |  801.6 |
       Dungeon |   6275 |   6116 |    159 |    957 |      0 |   7 |  896.4 |
        Temple |     18 |     18 |      0 |      0 |      0 |   1 |   18.0 |
         Sewer |    920 |    920 |      0 |    124 |      0 |   1 |  920.0 |
               +--------+--------+--------+--------+--------+-----+--------+

Top non-repeatable levels by time:
     D:5: 1147 daAuts
     D:3: 1141 daAuts
     D:2: 1052 daAuts
     D:6: 1041 daAuts
     D:1: 998 daAuts
   Sewer: 920 daAuts
     D:4: 868 daAuts
     D:7: 26 daAuts
  Temple: 18 daAuts
